 Dungeon Crawl Stone Soup version 0.27.0-1-g7a089689b8 (webtiles) character file.

Game seed: 13526359167731022306

39 robertstho the Magician (level 3, 0/26 HPs)
             Began as a Djinni Fire Elementalist on Aug 6, 2021.
             Slain by Terence (2 damage)
             ... on level 2 of the Dungeon.
             The game lasted 00:01:21 (1569 turns).

robertstho the Magician (Djinni Fire Elementalist)  Turns: 1569, Time: 00:01:21

Health: 0/26       AC:  2    Str:  7    XL:     3   Next: 70%
Gold:   36         EV: 12    Int: 17    God:
                   SH:  0    Dex: 13

rFire    + + .     SeeInvis .   e - +0 dagger
rCold    x . .     Faith    .   (no shield)
rNeg     . . .     Spirit   .   a - +0 robe
rPois    ∞         Reflect  .   (no helmet)
rElec    .         Harm     .   (no cloak)
rCorr    .         Rampage  .   (no gloves)
Will     .....                  (boots unavailable)
Stlth    ++........             (no amulet)
HPRegen  0.08/turn              (no ring)
MPRegen  0.00/turn              (no ring)

@: flying
A: sickness immunity, fire resistance 2, cold vulnerability 1, float, innate
caster, hp casting, extra vitality 1
a: no special abilities


You were on level 2 of the Dungeon.
You visited 1 branch of the dungeon, and saw 2 of its levels.

You collected 36 gold pieces.

Inventory:

Hand Weapons
 e - a +0 dagger (weapon)
Armour
 a - a +0 robe (worn)
Scrolls
 c - a scroll of identify {unknown}
 f - a scroll of blinking {unknown}
 g - a scroll of teleportation {unknown}
 h - a scroll of silence {unknown}
Potions
 b - a potion of lignification {unknown}
 d - a potion of degeneration {unknown}


   Skills:
 * Level 0.6 Fighting
 + Level 2.2 Dodging
 + Level 1.7 Stealth
 * Level 3.3 Spellcasting


You couldn't memorise any spells.
You knew the following spells:

 Your Spells              Type           Power      Damage    Failure   Level
a - Foxfire               Conj/Fire      56%        2x1d6     4%          1
b - Conjure Flame         Conj/Fire      14%        6-21      13%         3
c - Inner Flame           Hex/Fire       14%        N/A       13%         3
d - Sticky Flame          Conj/Fire      14%        2d4       41%         4
e - Fireball              Conj/Fire      7%         3d5       77%         5
f - Corona                Hex            15%        N/A       4%          1
Your spell library was empty.

Dungeon Overview and Level Annotations

Branches:
Dungeon (2/15)

Altars:

Annotations:
D:2 Terence


Innate Abilities, Weirdness & Mutations

You are immune to sickness and miasma.
You are immune to poison.
Your flesh is very heat resistant. (rF++)
You are vulnerable to cold. (rC-)
You float through the air rather than walking.
You learn spells naturally, not from books.
Your magical power is your life essence.
You have superior vitality. (+4 HP)


Message History

Terence misses you.
Casting: Foxfire (safe; 4% risk of failure)
Press: ? - help, Q - select action, (/) - cycle Dir - look around, f - activate You conjure some foxfire!
Terence misses you.
The foxfire hits Terence.
Terence is lightly wounded.
The foxfire hits Terence.
Terence is moderately wounded.
Terence hits you from afar with a +2 antimagic trident!
Casting: Foxfire (safe; 4% risk of failure)
Press: ? - help, Q - select action, (/) - cycle Dir - look around, f - activate You conjure some foxfire!
Terence closely misses you.
The foxfire hits Terence.
Terence is moderately wounded.
The foxfire hits Terence but does no damage.
Terence is moderately wounded.
Terence hits you from afar with a +2 antimagic trident.
Casting: Foxfire (safe; 4% risk of failure)
Press: ? - help, Q - select action, (/) - cycle Dir - look around, f - activate You conjure some foxfire!
Terence barely misses you.
The foxfire hits Terence.
Terence is moderately wounded.
The foxfire hits Terence.
Terence is heavily wounded.
Terence hits you from afar with a +2 antimagic trident.
Unknown command.
Casting: Foxfire (safe; 4% risk of failure)
Press: ? - help, Q - select action, (/) - cycle Dir - look around, f - activate You conjure some foxfire!
Terence hits you from afar with a +2 antimagic trident.
* * * LOW HITPOINT WARNING * * *
The foxfire hits Terence.
Terence is severely wounded.
The foxfire hits Terence.
Terence is severely wounded.
Terence hits you from afar with a +2 antimagic trident.
You die...

##....#### ###.#.#
####...# #.$...#
####...# #.# .......#
#.# ####...#########.#
#.[.#.......#.#
####...#.#####.#@#
.........†..<#.#.######.
.........#......@§...†..
.............#.#§######.
####...#.#####.#.#
#...#... ..#.#
#...#########.# #...#
... #...# #.# #.#


You could see Terence.

Vanquished Creatures
  2 adders (D:2)
  3 ball pythons
  2 bats (D:1)
  An endoplasm (D:2)
  3 giant cockroaches
  2 goblins (D:1)
  4 kobolds
  A frilled lizard (D:1)
  2 rats
20 creatures vanquished.

Vanquished Creatures (others)
  82 foxfires
82 creatures vanquished.

Grand Total: 102 creatures vanquished

Notes
Turn   | Place    | Note
-------+----------+-------------------------------------------
     0 | D:1      | robertstho the Djinni Fire Elementalist began the quest for
                  | the Orb.
     0 | D:1      | Reached XP level 1. HP: 15/15 MP: 0/0
   450 | D:1      | Reached XP level 2. HP: 19/22 MP: 0/0
  1139 | D:2      | Reached skill level 3 in Spellcasting
  1139 | D:2      | Reached XP level 3. HP: 22/26 MP: 0/0
  1139 | D:2      | Learned a level 1 spell: Corona
  1323 | D:2      | Found a faded altar of an unknown god.
  1551 | D:2      | Noticed Terence
  1569 | D:2      | Slain by Terence

Illustrated notes

Levels and vault maps discovered:
D:1:      roderic_octagonal_star, layout_loops_ring
D:2:      layout_loops_cross, basic_ecumenical_altar, uniq_terence

Skill      XL: |  1  2 |
---------------+-------+-----
Spellcasting   | 3 |  3.3
Fighting       | |  0.6
Dodging        | |  2.2
Stealth        | |  1.7

Action                   || total
-------------------------++-------
Melee: Unarmed           ||     1
       Dagger            ||     3
 Cast: Foxfire           ||    52
Armor: Robe              ||     2
Dodge: Dodged            ||    16
